 Dungeon Crawl Stone Soup version 0.22-a0-422-g9628fc8 (webtiles) character file.

35 4thArraOfDagon the Magician (level 3, -2/24 HPs)
             Began as a Mummy Fire Elementalist on May 16, 2018.
             Slain by an orc priest (3 damage)
             ... on level 4 of the Dungeon.
             The game lasted 00:03:27 (1397 turns).

4thArraOfDagon the Magician (MuFE)                  Turns: 1397, Time: 00:03:28

Health: -2/24      AC:  2    Str: 11    XL:     3   Next: 16%
Magic:  2/7        EV: 12    Int: 15    God:
Gold:   43         SH:  0    Dex: 12    Spells: 4/8 levels left

rFire    x . .     SeeInvis .   e - +1 dagger (elec)
rCold    + . .     Gourm    .   (no shield)
rNeg     + + +     Faith    .   a - +0 robe
rPois    ∞         Spirit   .   (no helmet)
rElec    .         Reflect  .   (no cloak)
rCorr    .         Harm     .   (no gloves)
MR       .....                  (no boots)
Stlth    ++........             (no amulet)
HPRegen  0.08/turn              (no ring)
MPRegen  0.10/turn              (no ring)

@: very slightly contaminated
A: no food or potions, fire vulnerability, cold resistance 1, negative energy
resistance 3, torment resistance, unbreathing
a: no special abilities


You were on level 4 of the Dungeon.
You were not hungry.

You visited 1 branch of the dungeon, and saw 5 of its levels.

You collected 43 gold pieces.

Inventory:

Hand Weapons
 b - a +0 dagger of speed
 d - a +2 dagger of draining
 e - a +1 dagger of electrocution (weapon)
Armour
 a - a +0 robe (worn)
 g - a cursed +0 ring mail
Scrolls
 c - a scroll of teleportation {unknown}
 h - a scroll of remove curse {unknown}


   Skills:
 - Level 1.5 Dodging
 - Level 1.5 Stealth
 + Level 3.1 Spellcasting
 * Level 1.6 Conjurations
 * Level 2.9 Fire Magic


You had 4 spell levels left.
You knew the following spells:

 Your Spells              Type           Power        Failure   Level  Hunger
a - Flame Tongue          Conj/Fire      #....        8%          1    N/A
b - Conjure Flame         Conj/Fire      #.......     22%         3    N/A

Your spell library contained the following spells:

 Spells                   Type           Power        Failure   Level  Hunger
 Fireball                 Conj/Fire      #.........   91%         5    N/A
 Throw Flame              Conj/Fire      #.....       12%         2    N/A
 Sticky Flame             Conj/Fire      #.......     58%         4    N/A
 Inner Flame              Hex/Fire       #.......     32%         3    N/A

Dungeon Overview and Level Annotations

Branches:
Dungeon (5/15)
 Temple: D:4-7

Altars:
Gozag
Qazlal

Shops:
D:5 *


Innate Abilities, Weirdness & Mutations

You do not eat or drink.
Your flesh is vulnerable to fire.
You are immune to poison.
Your flesh is cold resistant. (rC+)
You are immune to negative energy. (rN+++)
You are immune to unholy pain and torment.
You can survive without breathing.


Message History

The orc priest is moderately wounded.
The orc priest hits you. The orc priest barely misses you.
Unknown command.
The orc priest blocks your attack.
The orc priest is moderately wounded.
The orc priest calls down the wrath of Beogh upon you.
Beogh smites you!
Ouch! That really hurt!
The orc priest calls down the wrath of Beogh upon you.
Beogh smites you!
* * * LOW HITPOINT WARNING * * *
You hear a shout!
Unknown command.
Casting: Flame Tongue (safe; 8% risk of failure)
Confirm with . or Enter, or press ? or * to list all spells.
Aiming: Flame Tongue (safe; 8% risk of failure)
Press: ? - help, Shift-Dir - straight line, f/p - orc priest
Aim: an orc priest, wielding a club, wearing a leather armour and wearing a shield (moderately wounded)
The orc priest blocks the flame tongue.
The orc priest hits you.
You die...

#.##..## #.# #.##.#.###.#
###..oo.....########
#o.............##..
#.#§#o#####.##.##.######
#o#.#.# ##.##.##.......
#o#.#.# #[...#....PP..P
#######.#.#.####..##.##..#####
#...........o@(...##.##..#
#o#######.#.#o.##.##.##..# #.#
###############..#####
#......o. ##...... #.#o.o#..
#...... #.....o.. #..##'# ###
..#.. #.P#..# ..... #.P#.)#
#### #..####


You could see 2 orc priests.

Vanquished Creatures
  An adder (D:2)
  2 adder skeletons (D:4)
  A leopard gecko (D:2)
  2 orcs
  4 goblins
  A hobgoblin (D:1)
  2 kobolds
  2 bats
  3 rats
18 creatures vanquished.

Notes
Turn   | Place    | Note
-------+----------+-------------------------------------------
     0 | D:1      | 4thArraOfDagon the Mummy Fire Elementalist began the quest for the Orb.
     0 | D:1      | Reached XP level 1. HP: 13/13 MP: 4/4
    66 | D:1      | Reached skill level 1 in Conjurations
   171 | D:2      | Found a stormy altar of Qazlal.
   247 | D:2      | Reached XP level 2. HP: 14/19 MP: 5/5
   451 | D:2      | Reached skill level 3 in Spellcasting
   858 | D:5      | Entered Level 5 of the Dungeon
   858 | D:5      | Found an opulent altar of Gozag.
   861 | D:5      | Found Gozag's Platinum Reserve.
   958 | D:4      | Reached XP level 3. HP: 24/24 MP: 3/7
   963 | D:4      | Learned a level 3 spell: Conjure Flame
   993 | D:4      | Noticed an ogre
  1396 | D:4      | HP: 1/24 [orc priest/divine providence (9)]
  1397 | D:4      | Slain by an orc priest

Vault maps used:
D:1:      matt_arrival_diagonals, due_unseen_surprise
D:2:      nicolae_overflow_crystal_walls, serial_forest,
          infiniplex_forest_clump_tiny, infiniplex_forest_lined_corner,
          infiniplex_forest_clump_cross, infiniplex_forest_clump_curved,
          infiniplex_forest_lined_3_way, infiniplex_forest_clump_small,
          infiniplex_forest_clump_diagonal, infiniplex_forest_clump_cross,
          infiniplex_forest_clump_long
D:3:      chequers_ecumenical_altar_simple_redux
D:4:      corexii_shack_village, lemuel_coloured_pillars_altar,
          grunt_ministairs_8, feat_on_display
D:5:      nicolae_gozag_zags_fifth_avenue, lemuel_doored_altar, first_ration,
          grunt_nemelex_the_gamble, uniq_ijyb

Skill      XL: |  1  2 |
---------------+-------+-----
Conjurations   | 1 |  1.6
Spellcasting   | 3 |  3.1
Dodging        | |  1.5
Stealth        | |  1.5
Fire Magic     | |  2.9

Action                   || total
-------------------------++-------
Melee: Dagger            ||    29
 Cast: Flame Tongue      ||    31
  Use: Scroll            ||     2
 Stab: Sleeping          ||     1
Armor: Robe              ||     7
Dodge: Dodged            ||    19

Table legend:
 A = Spawn XP
 B = Non-spawn XP
 C = Spawn XP percentage of total XP
 D = Spawn monster count
 E = Non-spawn monster count
 F = Spawn count percentage of total count
 G = Total turns spent on level
                    A         B        C        D         E        F      G
               +---------+---------+-------+---------+---------+-------+---------
         Total |       0 |      50 |   0.0 |       0 |      18 |   0.0 |  1397
               +---------+---------+-------+---------+---------+-------+---------
           D:1 |       0 |       6 |   0.0 |       0 |       4 |   0.0 |   101
           D:2 |       0 |      25 |   0.0 |       0 |       7 |   0.0 |   653
           D:3 |       0 |       4 |   0.0 |       0 |       2 |   0.0 |    58
           D:4 |       0 |      15 |   0.0 |       0 |       5 |   0.0 |   564
               +---------+---------+-------+---------+---------+-------+---------
